 Dungeon Crawl Stone Soup version 0.27-a0-379-g34d631faf5 (webtiles) character file.

Game seed: 10235535750544000225

180431 Ijustatesigmund the Swashbuckler (level 17, -5/137 HPs)
             Began as a Gnoll Fighter on Feb 12, 2021.
             Was the Champion of Cheibriados.
             Slain by a goliath frog (9 damage)
             ... while paralysed by a fenstrider witch
             ... on level 1 of the Swamp on Feb 17, 2021.
             The game lasted 01:34:28 (36076 turns).

Ijustatesigmund the Swashbuckler (Gnoll Fighter)   Turns: 36076, Time: 01:34:29

Health: -5/137     AC: 28    Str: 31    XL:     17   Next: 92%
Magic:  25/26      EV:  2    Int: 35    God:    Cheibriados [******]
Gold:   761        SH:  0    Dex: 26    Spells: 28/39 levels left

rFire    . . .     SeeInvis +   o - +3 morningstar (elec)
rCold    + . .     Faith    .   c - +2 kite shield
rNeg     . . .     Spirit   .   s - +3 chain mail {rC+}
rPois    +         Reflect  +   D - +3 crown of Dyrovepreva {rElec Int+2 SInv}
rElec    +         Harm     .   m - +0 cloak
rCorr    .         Rampage  .   O - +0 pair of gloves "Efurph" {rPois Int+5}
Will     +....     Clarity  +   i - +1 pair of boots
Stlth    +++.......             Z - amulet of reflection
HPRegen  0.32/turn              Y - +4 ring of slaying
MPRegen  0.20/turn              x - +4 ring of protection

@: paralysed, studying Short Blades, very slow
A: distributed training, fangs 1, clarity, clumsy 1, low mp 2, subdued magic 1,
strong nose
}: 1/15 runes: gossamer
a: Renounce Religion, Bend Time, Temporal Distortion, Slouch, Step From Time


You were on level 1 of the Swamp.
You worshipped Cheibriados.
Cheibriados was exalted by your worship.
You visited 6 branches of the dungeon, and saw 31 of its levels.
You also visited: Sewer and Gauntlet.

You collected 2966 gold pieces.
You spent 2205 gold pieces at shops.

Inventory:

Hand Weapons
 a - a +5 scimitar of holy wrath
 o - a +3 morningstar of electrocution (weapon)
 G - the +3 war axe "Nein" {protect, *Corrode +Blink rF++ Will+}
   (You bought it in a shop on level 8 of the Dungeon)

   It grants its wielder temporary protection when it strikes (+7 to AC).
   It greatly protects you from fire.
   It affects your willpower, your defense against some magical effects.
   It lets you blink.
   It may corrode you when you take damage.
Missiles
 q - 2 throwing nets (quivered)
Armour
 b - +0 acid dragon scales
 c - a +2 kite shield (worn)
 i - a +1 pair of boots (worn)
 m - a +0 cloak (worn)
 s - a +3 chain mail of cold resistance (worn)
 D - the +3 crown of Dyrovepreva (worn) {rElec Int+2 SInv}
   (You acquired it on level 1 of the Spider Nest)

   It affects your intelligence (+2).
   It insulates you from electricity.
   It lets you see invisible.
 O - the +0 pair of gloves "Efurph" (worn) {rPois Int+5}
   (You found it in a Gauntlet)

   It affects your intelligence (+5).
   It protects you from poison.
 P - the +0 pair of fencer's gloves {Riposte Dex+3}
   (You found it in a Gauntlet)

   It affects your dexterity (+3).
Jewellery
 d - a ring of ice
 j - a ring of protection from cold
 x - a +4 ring of protection (right hand)
 y - a ring of resist corrosion
 M - the ring of Somen {rF- rN+ Str+4 Int+2 Slay+2}
   (You found it on level 6 of the Lair of Beasts)

   [ring of positive energy]

   It affects your strength (+4).
   It affects your intelligence (+2).
   It affects your accuracy and damage with ranged weapons and melee attacks
   (+2).
   It makes you vulnerable to fire.
   It protects you from negative energy.
 V - a ring of see invisible
 Y - a +4 ring of slaying (left hand)
 Z - an amulet of reflection (around neck)
Wands
 l - a wand of paralysis (26)
 n - a wand of flame (22)
 r - a wand of digging (9)
 t - a wand of polymorph (22)
 A - a wand of acid (11)
 C - a wand of charming (4)
 J - a wand of mindburst (40)
 L - a wand of iceblast (3)
Scrolls
 f - 2 scrolls of blinking
 p - 4 scrolls of teleportation
 v - a scroll of brand weapon
 B - 4 scrolls of enchant weapon
 E - a scroll of amnesia
 F - a scroll of summoning
 K - 3 scrolls of immolation
 N - 11 scrolls of identify
 Q - a scroll of fog
 S - a scroll of fear
 U - a scroll of holy word
 W - a scroll of enchant armour
Potions
 e - 4 potions of attraction
 g - 4 potions of brilliance
 h - 5 potions of ambrosia
 k - 2 potions of flight
 u - 2 potions of resistance
 w - 12 potions of curing
 z - 2 potions of invisibility
 H - a potion of cancellation
 I - 4 potions of lignification
 R - a potion of magic
 T - 2 potions of mutation
 X - 5 potions of heal wounds


   Skills:
 + Level 13.2 Fighting
 + Level 15.2 Short Blades
 + Level 11.8 Long Blades
 + Level 12.5 Axes
 + Level 11.8 Maces & Flails
 + Level 11.8 Polearms
 + Level 11.8 Staves
 + Level 11.8 Slings
 + Level 11.8 Bows
 + Level 11.8 Crossbows
 + Level 11.8 Throwing
 + Level 13.2 Armour
 + Level 11.8 Dodging
 + Level 11.8 Stealth
 + Level 13.2 Shields
 + Level 11.8 Unarmed Combat
 + Level 11.8 Spellcasting
 + Level 10.1 Conjurations
 + Level 10.1 Hexes
 + Level 10.1 Summonings
 + Level 10.1 Necromancy
 + Level 10.1 Translocations
 + Level 10.1 Transmutations
 + Level 10.1 Fire Magic
 + Level 10.1 Ice Magic
 + Level 10.1 Air Magic
 + Level 10.1 Earth Magic
 + Level 10.1 Poison Magic
 + Level 12.7 Invocations
 + Level 11.8 Evocations


You had 28 spell levels left.
You knew the following spells:

 Your Spells              Type           Power        Failure   Level
a - Apportation           Tloc           100%         1%          1
b - Passwall              Tmut/Erth      52%          1%          2
c - Blink                 Tloc           N/A          1%          2
d - Lesser Beckoning      Tloc           31%          1%          3
e - Conjure Flame         Conj/Fire      63%          1%          3

Your spell library contained the following spells:

 Spells                   Type           Power        Failure   Level
 Animate Skeleton         Necr           100%         1%          1
 Beastly Appendage        Tmut           100%         1%          1
 Corona                   Hex            70%          1%          1
 Magic Dart               Conj           100%         1%          1
 Pain                     Necr           100%         1%          1
 Sandblast                Erth           100%         1%          1
 Sting                    Tmut/Pois      100%         1%          1
 Summon Small Mammal      Summ           100%         1%          1
 Call Imp                 Summ           63%          1%          2
 Slow                     Hex            63%          1%          2
 Gell's Gravitas          Tloc           31%          1%          3
 Ignite Poison            Fire/Tmut/Pois 63%          1%          3
 Mephitic Cloud           Conj/Pois/Air  63%          1%          3
 Stone Arrow              Conj/Erth      100%         1%          3
 Teleport Other           Tloc           63%          1%          3
 Vampiric Draining        Necr           31%          1%          3
 Animate Armour           Summ/Erth      100%         1%          4
 Animate Dead             Necr           31%          1%          4
 Leda's Liquefaction      Hex/Erth       31%          1%          4
 Passage of Golubria      Tloc           N/A          1%          4
 Petrify                  Tmut/Erth      63%          1%          4
 Agony                    Necr           63%          2%          5
 Alistair's Intoxication  Tmut/Pois      42%          2%          5
 Bolt of Magma            Conj/Fire/Erth 31%          2%          5
 Irradiate                Conj/Tmut      31%          2%          5
 Iskenderun's Battlesphe  Conj           63%          2%          5
 Lee's Rapid Deconstruct  Erth           31%          2%          5
 Hydra Form               Tmut           31%          17%         6
 Iron Shot                Conj/Erth      31%          17%         6
 Statue Form              Tmut/Erth      42%          17%         6
 Dragon Form              Tmut           31%          71%         7
 Orb of Destruction       Conj           31%          71%         7
 Spellforged Servitor     Conj/Summ      31%          71%         7
 Shatter                  Erth           31%          100%        9


Dungeon Overview and Level Annotations

Branches:
Dungeon (15/15)            Temple (1/1) D:4            Lair (6/6) D:8
  Swamp (3/4) Lair:3       Spider (4/4) Lair:4        Slime (0/5) Lair:6
    Orc (2/2) D:12            Elf (0/3) Orc:2        Vaults (0/5) D:14
 Depths (0/5) D:15          Sewer (visited)         Gauntlet (visited)

Altars:
Ashenzari
Cheibriados
Dithmenos
Elyvilon
Fedhas
Gozag
Hepliaklqana
Kikubaaqudgha
Makhleb
Nemelex Xobeh
Okawaru
Qazlal
Ru
Sif Muna
Trog
Uskayaw
Vehumet
Wu Jian
Xom
Yredelemnul
Zin
The Shining One

Shops:
D:8 (   Orc:2 !:==


Innate Abilities, Weirdness & Mutations

Your experience applies equally to all skills.
You have very sharp teeth.
Your uncanny sense of smell can sniff out nearby items.
You possess an exceptional clarity of mind.
You are clumsy. (Dex -2)
Your magical capacity is very low. (-20% MP)
Your spells are a little easier to cast, but a little less powerful.


Message History

The fenstrider witch kicks you but does no damage.
You miss the fenstrider witch. You block the goliath frog's attack.
The fenstrider witch closely misses you. x2
You block the goliath frog's attack.
You sock the fenstrider witch!
The fenstrider witch is lightly wounded.
You block the fenstrider witch's attack. x2
The goliath frog hits you but does no damage.
You hit the fenstrider witch.
The fenstrider witch is lightly wounded.
The fenstrider witch closely misses you.
You block the fenstrider witch's attack.
You block the goliath frog's attack.
You miss the fenstrider witch.
The fenstrider witch is lightly wounded.
The fenstrider witch hits you but does no damage.
You block the fenstrider witch's attack.
The goliath frog barely misses you.
The fenstrider witch points at you and mumbles some strange words.
You barely resist. You impale the fenstrider witch!!
You bite the fenstrider witch.
The fenstrider witch is heavily wounded.
The fenstrider witch points at you and mumbles some strange words.
You suddenly lose the ability to move!
The goliath frog hits you!
You are splashed with acid!
The fenstrider witch barely misses you.
The fenstrider witch kicks you but does no damage.
The goliath frog hits you but does no damage.
The fenstrider witch hits you!
* * * LOW HITPOINT WARNING * * *
The fenstrider witch kicks you!
* * * LOW HITPOINT WARNING * * *
The goliath frog hits you!
* * * LOW HITPOINT WARNING * * *
You are splashed with acid!
* * * LOW HITPOINT WARNING * * *
The fenstrider witch hits you but does no damage.
The fenstrider witch kicks you but does no damage.
The goliath frog hits you!
You die...

♣ ♣♣♣♣ ♣♣≈.♣♣.≈≈..≈....♣♣♣♣♣♣ ♣
♣♣≈≈♣♣♣.......≈...♣≈.≈..♣
♣♣♣♣♣≈≈≈.♣♣.≈.♣.≈≈§..≈♣♣♣)).♣
..♣♣..≈≈.♣♣♣.≈♣♣.≈≈≈≈.♣♣♣♣≈♣♣♣♣♣♣
.≈≈..≈..≈♣ ♣♣♣♣♣.≈≈≈≈.≈♣♣♣÷.≈≈.♣≈
.≈≈≈≈..♣♣♣♣♣≈..≈.≈≈≈.♣≈♣♣.≈.≈≈≈♣.
≈≈≈≈≈≈≈.♣≈♣♣♣...§≈≈.♣♣♣♣≈.≈.♣≈...
≈≈≈≈≈≈≈≈.♣..♣♣..HF.♣♣♣♣....§♣..≈≈
≈≈§≈≈≈≈≈.♣♣.≈♣♣≈@..........♣♣.≈≈≈
.≈≈≈≈≈≈≈..♣♣.≈≈..≈♣..≈.≈≈≈≈≈.≈≈≈≈
.....≈....♣♣.≈≈≈.≈≈≈≈≈≈≈≈≈≈..≈≈≈)
(........≈♣≈.≈≈≈.≈≈≈≈≈≈≈≈≈≈♣≈<♣.♣
.≈♣♣..♣...♣♣♣....≈≈≈≈≈≈§≈.♣♣♣..♣♣
♣♣♣♣♣♣.≈≈≈≈≈♣.≈≈...≈≈≈≈≈.♣♣♣♣♣♣♣♣
♣.≈≈..≈≈.≈≈.......≈♣♣♣.♣♣♣.♣
♣♣..≈≈..≈......♣.≈♣♣♣♣..♣♣..
♣≈..≈...≈♣..≈..♣♣≈♣♣♣≈..♣♣.♣


You could see a fenstrider witch and a goliath frog.

Vanquished Creatures
  An iron dragon (D:12)
  6 ghost moths
  6 emperor scorpions
  A minotaur (Gauntlet)
  3 entropy weavers
  5 dire elephants (Lair:6)
  A spark wasp (Spider:4)
  An eleionoma (Swamp:2)
  The ghost of Torax the Thrower, a journeyman OpHu of Gozag (Lair:3)
  A great orb of eyes (Gauntlet)
  An ogre mage (D:14)
  A rakshasa (D:15)
  A boulder beetle (Spider:3)
  12 hydras
  Fannar (D:12)
  An anaconda (Lair:6)
  5 two-headed ogres
  5 centaur warriors
  An alligator (Swamp:1)
  Urug (D:12)
  The ghost of Nattfarinn the Summoner, a novice BaSu of Cheibriados (D:9)
  6 orc high priests (Orc:2)
  Nergalle (Orc:1)
  5 spriggans (Swamp:1)
  A fire crab (shapeshifter) (D:15)
  4 goliath frogs
  Pikel (D:4)
  A glowing orange brain (D:15)
  2 unseen horrors
  An unseen horror (shapeshifter) (D:15)
  A swamp dragon (Swamp:1)
  24 orb spiders
  7 orc knights
  13 ugly things
  A will-o-the-wisp (Swamp:2)
  28 wolf spiders
  3 centaur zombies
  4 orc sorcerers
  2 manticores
  15 elephants
  A moth of wrath (Spider:4)
  A black mamba (Lair:4)
  An apocalypse crab (Gauntlet)
  An eye of devastation (shapeshifter) (D:15)
  A rime drake (Lair:2)
  7 cane toads
  8 komodo dragons
  13 demonic crawlers
  A torpor snail (Spider:1)
  Psyche (D:11)
  3 meliai (Spider:3)
  9 trolls
  30 jumping spiders
  13 hornets
  3 polar bears
  3 tyrant leeches
  A hornet (shapeshifter) (D:15)
  Prince Ribbit (Lair:3)
  9 slime creatures (D:15)
  14 blink frogs
  10 wyverns
  49 redbacks
  38 tarantellas
  5 shadows
  A vampire (D:12)
  65 yaks
  2 wraiths
  Eustachio (D:6)
  A basilisk (Lair:3)
  2 steam dragons
  9 vampire mosquitoes
  5 wargs
  An acid dragon (D:13)
  4 swamp worms (Swamp:1)
  12 water moccasins
  6 ice beasts
  2 sky beasts
  2 black bears
  41 orc warriors
  5 swamp drakes (Swamp:1)
  3 eyes of draining
  7 jellies
  2 necrophages
  A hornet zombie (D:7)
  10 centaurs
  8 wolves
  17 ogres
  A phantom (D:6)
  2 lemures
  Blork the orc (D:4)
  A gnoll sergeant (D:12)
  5 kobold brigands
  17 bullfrogs
  5 scorpions
  18 killer bees
  A howler monkey (D:8)
  4 wights (D:8)
  6 electric eels
  A bullfrog zombie (D:6)
  3 quasits
  26 orc priests
  9 hounds
  3 bullfrog skeletons
  4 centaur skeletons
  Natasha (D:4)
  An iguana (D:7)
  15 orc wizards
  7 worker ants
  2 hound skeletons
  2 howler monkey zombies
  2 worker ant zombies (D:7)
  Robin (D:4)
  12 gnolls
  12 adders
  A howler monkey skeleton (D:6)
  A river rat (Sewer)
  2 white imps
  2 ufetubi
  6 oozes
  6 dart slugs
  4 worms (Sewer)
  4 leopard geckos
  119 orcs
  4 ball pythons (Sewer)
  3 giant cockroaches
  18 goblins
  14 hobgoblins
  6 jackals
  26 kobolds
  5 quokkas
  9 bats
  4 frilled lizards
  14 rats
1016 creatures vanquished.

Vanquished Creatures (collateral kills)
  An orc knight (Orc:2)
  3 hornets (Spider:1)
  An electric eel (D:11)
  4 orc priests (Orc:2)
9 creatures vanquished.

Vanquished Creatures (others)
  A spriggan (Swamp:1)
  2 hornets
  An orc knight (Orc:2)
  2 jumping spiders
  2 bloated husks (Swamp:1)
  3 vampire mosquitoes (Swamp:1)
  3 orc warriors (Orc:2)
  2 killer bees (D:11)
  An ogre (D:6)
  An orc wizard (D:7)
  2 orcs (D:11)
  2 bushes
  2 foxfires (Swamp:2)
  15 fungi
  34 plants
73 creatures vanquished.

Grand Total: 1098 creatures vanquished

Notes
Turn   | Place    | Note
-------+----------+-------------------------------------------
     0 | D:1      | Ijustatesigmund the Gnoll Fighter began the quest for the
                  | Orb.
     0 | D:1      | Reached XP level 1. HP: 23/23 MP: 1/1
   125 | D:1      | Reached XP level 2. HP: 29/29 MP: 2/2
   969 | D:1      | Reached XP level 3. HP: 35/35 MP: 3/3
  1360 | D:2      | Reached skill level 1 in Invocations
  1607 | D:2      | Learned a level 1 spell: Apportation
  1763 | D:2      | Reached skill level 1 in Short Blades
  1763 | D:2      | Reached skill level 1 in Long Blades
  1763 | D:2      | Reached skill level 1 in Maces & Flails
  1763 | D:2      | Reached skill level 1 in Polearms
  1763 | D:2      | Reached skill level 1 in Staves
  1763 | D:2      | Reached skill level 1 in Slings
  1763 | D:2      | Reached skill level 1 in Bows
  1763 | D:2      | Reached skill level 1 in Crossbows
  1763 | D:2      | Reached skill level 1 in Throwing
  1763 | D:2      | Reached skill level 1 in Dodging
  1763 | D:2      | Reached skill level 1 in Stealth
  1763 | D:2      | Reached skill level 1 in Unarmed Combat
  1763 | D:2      | Reached skill level 1 in Spellcasting
  1763 | D:2      | Reached skill level 1 in Evocations
  1766 | D:2      | Reached XP level 4. HP: 34/41 MP: 5/5
  1887 | D:2      | Found a faded altar of an unknown god.
  2444 | D:3      | Reached skill level 1 in Conjurations
  2444 | D:3      | Reached skill level 1 in Hexes
  2444 | D:3      | Reached skill level 1 in Summonings
  2444 | D:3      | Reached skill level 1 in Necromancy
  2444 | D:3      | Reached skill level 1 in Translocations
  2444 | D:3      | Reached skill level 1 in Transmutations
  2444 | D:3      | Reached skill level 1 in Fire Magic
  2444 | D:3      | Reached skill level 1 in Ice Magic
  2444 | D:3      | Reached skill level 1 in Air Magic
  2444 | D:3      | Reached skill level 1 in Earth Magic
  2444 | D:3      | Reached skill level 1 in Poison Magic
  2813 | D:4      | Reached XP level 5. HP: 35/47 MP: 6/6
  2933 | D:4      | Noticed an ogre
  2938 | D:4      | Noticed Blork the orc
  3277 | D:4      | Killed an ogre
  3283 | D:4      | Killed Blork the orc
  3284 | D:4      | Reached XP level 6. HP: 16/53 MP: 6/8
  3576 | D:4      | Reached skill level 2 in Short Blades
  3576 | D:4      | Reached skill level 5 in Axes
  3602 | D:4      | Found a radiant altar of Vehumet.
  3602 | D:4      | Found an opulent altar of Gozag.
  3659 | D:4      | Found a staircase to the Ecumenical Temple.
  3727 | Temple   | Entered the Ecumenical Temple
  3745 | D:4      | Reached XP level 7. HP: 48/59 MP: 10/10
  4163 | D:4      | Noticed Robin
  4182 | D:4      | Killed Robin
  4226 | D:4      | Noticed Natasha
  4231 | D:4      | Killed Natasha
  4276 | D:5      | Entered Level 5 of the Dungeon
  4315 | D:5      | Noticed Pikel
  4455 | D:4      | Killed Pikel
  4456 | D:4      | Reached skill level 3 in Short Blades
  4456 | D:4      | Reached XP level 8. HP: 47/67 MP: 10/12
  4972 | D:5      | Found a hazy altar of Hepliaklqana.
  5361 | D:6      | Noticed Eustachio
  5368 | D:6      | Killed Eustachio
  5372 | D:6      | Reached XP level 9. HP: 32/72 MP: 14/14
  5721 | D:6      | Found a glowing drain.
  5730 | Sewer    | Entered a sewer
  6215 | Sewer    | Reached skill level 4 in Short Blades
  7021 | D:7      | You fall into a shaft and drop 2 floors!
  7277 | D:9      | Found a runed translucent door.
  7277 | D:9      | Noticed Nattfarinn's ghost (novice BaSu)
  7277 | D:9      | Noticed a troll
  7277 | D:9      | Noticed an orc knight
  7289 | D:9      | Killed a troll
  7290 | D:9      | Reached skill level 5 in Invocations
  7551 | D:9      | Found a sparkling altar of Nemelex Xobeh.
  7946 | D:8      | Reached XP level 10. HP: 49/80 MP: 17/17
  8087 | D:8      | Reached skill level 5 in Short Blades
  8087 | D:8      | Reached skill level 5 in Long Blades
  8087 | D:8      | Reached skill level 5 in Maces & Flails
  8087 | D:8      | Reached skill level 5 in Polearms
  8087 | D:8      | Reached skill level 5 in Staves
  8087 | D:8      | Reached skill level 5 in Slings
  8087 | D:8      | Reached skill level 5 in Bows
  8087 | D:8      | Reached skill level 5 in Crossbows
  8087 | D:8      | Reached skill level 5 in Throwing
  8087 | D:8      | Reached skill level 5 in Dodging
  8087 | D:8      | Reached skill level 5 in Stealth
  8087 | D:8      | Reached skill level 5 in Unarmed Combat
  8087 | D:8      | Reached skill level 5 in Spellcasting
  8087 | D:8      | Reached skill level 5 in Evocations
  8982 | D:8      | Found a staircase to the Lair.
  9597 | D:8      | Found Bunwif's Antique Weapon Shoppe.
  9976 | D:8      | Bought a masterwork short sword for 248 gold pieces
  9976 | D:8      | Bought an ichor-stained war axe for 263 gold pieces
  9976 | D:8      | Identified the +7 short sword "Oxist" {vorpal, Str+4} (You
                  | bought it in a shop on level 8 of the Dungeon)
  9977 | D:8      | Identified the +3 war axe "Nein" {protect, *Corrode +Blink
                  | rF++ Will+} (You bought it in a shop on level 8 of the
                  | Dungeon)
 10197 | D:8      | Reached skill level 6 in Short Blades
 10437 | D:9      | Reached XP level 11. HP: 87/87 MP: 19/19
 10732 | D:9      | Found a snail-covered altar of Cheibriados.
 10947 | D:9      | Killed an orc knight
 11066 | D:9      | Killed Nattfarinn's ghost
 11067 | D:9      | Reached skill level 5 in Conjurations
 11067 | D:9      | Reached skill level 5 in Hexes
 11067 | D:9      | Reached skill level 5 in Summonings
 11067 | D:9      | Reached skill level 5 in Necromancy
 11067 | D:9      | Reached skill level 5 in Translocations
 11067 | D:9      | Reached skill level 5 in Transmutations
 11067 | D:9      | Reached skill level 5 in Fire Magic
 11067 | D:9      | Reached skill level 5 in Ice Magic
 11067 | D:9      | Reached skill level 5 in Air Magic
 11067 | D:9      | Reached skill level 5 in Earth Magic
 11067 | D:9      | Reached skill level 5 in Poison Magic
 11137 | D:9      | Became a worshipper of Cheibriados the Contemplative
 11168 | D:10     | Entered Level 10 of the Dungeon
 11281 | D:10     | Upgraded the game from 0.27-a0-333-gfa571bf19a to
                  | 0.27-a0-345-g7370b58738
 11510 | D:10     | Reached skill level 7 in Short Blades
 11522 | D:10     | Reached * piety under Cheibriados
 11992 | D:10     | Reached ** piety under Cheibriados
 12327 | D:11     | Noticed a two-headed ogre
 12342 | D:11     | Killed a two-headed ogre
 12374 | D:11     | Killed an unseen horror
 12406 | D:11     | Noticed Psyche
 12414 | D:11     | Killed Psyche
 12439 | D:11     | Reached skill level 8 in Short Blades
 12531 | D:11     | Noticed a brown ugly thing
 12539 | D:11     | Killed a brown ugly thing
 12576 | D:11     | Noticed a brown ugly thing
 12597 | D:11     | Killed a brown ugly thing
 12598 | D:11     | Reached XP level 12. HP: 63/96 MP: 22/22
 12651 | D:11     | Reached *** piety under Cheibriados
 12850 | D:11     | Noticed a seven-headed hydra
 12854 | D:11     | Killed a seven-headed hydra
 13128 | D:11     | Reached **** piety under Cheibriados
 13435 | D:12     | Found a staircase to the Orcish Mines.
 13444 | D:12     | Noticed Urug
 13463 | D:12     | Killed Urug
 13464 | D:12     | Reached skill level 9 in Short Blades
 13530 | D:12     | Noticed an iron dragon
 13563 | D:12     | Killed an iron dragon
 13564 | D:12     | Reached skill level 10 in Fighting
 13564 | D:12     | Reached skill level 10 in Armour
 13564 | D:12     | Reached skill level 10 in Shields
 13687 | D:12     | Noticed Fannar
 13697 | D:12     | Gained mutation: You are frail. (-10% HP) [potion of
                  | mutation]
 13697 | D:12     | Gained mutation: Your magical capacity is low. (-10% MP)
                  | [potion of mutation]
 13697 | D:12     | Lost mutation: You are frail. (-10% HP) [potion of
                  | mutation]
 13697 | D:12     | Gained mutation: You possess an exceptional clarity of
                  | mind. [potion of mutation]
 13838 | D:12     | Killed Fannar
 14011 | D:12     | Found the +6 shillelagh "Devastator" {shatter}
 14023 | D:12     | Learned a level 2 spell: Passwall
 14636 | D:13     | Reached XP level 13. HP: 85/103 MP: 22/22
 14908 | D:13     | Reached ***** piety under Cheibriados
 15098 | D:13     | Reached skill level 10 in Short Blades
 15587 | D:14     | Found a bloodstained altar of Trog.
 16136 | D:14     | Found a gate to the Vaults.
 17199 | Lair:1   | Entered Level 1 of the Lair of Beasts
 18074 | Lair:2   | Found a gate leading to a gauntlet.
 18083 | Gauntlet | Entered a Gauntlet
 18083 | Gauntlet | Found a transporter.
 18086 | Gauntlet | Found a transporter.
 18093 | Gauntlet | Found a transporter.
 18093 | Gauntlet | Found a transporter.
 18094 | Gauntlet | Found a transporter.
 18096 | Gauntlet | Found a transporter.
 18096 | Gauntlet | Noticed a reaper
 18096 | Gauntlet | Noticed an entropy weaver
 18102 | Gauntlet | Found a transporter.
 18125 | Gauntlet | Found a transporter.
 18144 | Gauntlet | Found a transporter.
 18148 | Gauntlet | Found a transporter.
 18148 | Gauntlet | Noticed a great orb of eyes
 18149 | Gauntlet | Found the +0 pair of fencer's gloves {Riposte Dex+3}
 18164 | Gauntlet | Found a transporter.
 18178 | Gauntlet | Got a pair of crude gloves
 18192 | Gauntlet | Killed a great orb of eyes
 18204 | Gauntlet | Identified the +0 pair of gloves "Efurph" {rPois Int+5}
                  | (You found it in a Gauntlet)
 18253 | Gauntlet | Paralysed by you for 4 turns
 18270 | Gauntlet | Got a pitted helmet
 18278 | Gauntlet | Identified the +2 helmet of the Tormentor {-Tele Str+2
                  | Dex+2 SInv} (You found it in a Gauntlet)
 18301 | Gauntlet | Noticed a minotaur
 18318 | Gauntlet | Killed a minotaur
 18325 | Gauntlet | Identified the Compendium of Transmigration and Venom
 18612 | Lair:2   | Reached skill level 11 in Short Blades
 18869 | Lair:2   | Reached XP level 14. HP: 111/111 MP: 24/24
 19210 | Lair:3   | Found a runed translucent door.
 19214 | Lair:3   | Noticed Torax's ghost (journeyman OpHu)
 19226 | Lair:3   | Killed Torax's ghost
 19227 | Lair:3   | Reached skill level 10 in Axes
 19468 | Lair:3   | Found a staircase to the Swamp.
 19605 | Lair:3   | Reached ****** piety under Cheibriados
 19944 | Lair:3   | Noticed Prince Ribbit
 19963 | Lair:3   | Reached skill level 10 in Invocations
 20371 | Lair:3   | Killed Prince Ribbit
 20840 | Lair:4   | Learned a level 2 spell: Blink
 20844 | Lair:4   | Found a hole to the Spider Nest.
 22188 | Lair:5   | Reached skill level 12 in Short Blades
 22358 | Lair:5   | Learned a level 3 spell: Lesser Beckoning
 22628 | Lair:6   | Entered Level 6 of the Lair of Beasts
 23035 | Lair:6   | Found a staircase to the Slime Pits.
 23957 | Lair:6   | Noticed a dire elephant
 23957 | Lair:6   | Noticed a dire elephant
 23969 | Lair:6   | Killed a dire elephant
 23976 | Lair:6   | Killed a dire elephant
 23987 | Lair:6   | Got a shimmering silver ring
 23992 | Lair:6   | Identified the ring of Somen {rF- rN+ Str+4 Int+2 Slay+2}
                  | (You found it on level 6 of the Lair of Beasts)
 24188 | Lair:6   | Noticed a dire elephant
 24205 | Lair:6   | Killed a dire elephant
 24206 | Lair:6   | Reached XP level 15. HP: 70/119 MP: 25/25
 24758 | Orc:1    | Entered Level 1 of the Orcish Mines
 24770 | Orc:1    | Found a radiant altar of Vehumet.
 24836 | Orc:1    | Noticed Nergalle
 24847 | Orc:1    | Killed Nergalle
 25209 | Orc:2    | Entered Level 2 of the Orcish Mines
 25301 | Orc:2    | Found a staircase to the Elven Halls.
 25418 | Orc:2    | Reached skill level 10 in Long Blades
 25418 | Orc:2    | Reached skill level 10 in Maces & Flails
 25418 | Orc:2    | Reached skill level 10 in Polearms
 25418 | Orc:2    | Reached skill level 10 in Staves
 25418 | Orc:2    | Reached skill level 10 in Slings
 25418 | Orc:2    | Reached skill level 10 in Bows
 25418 | Orc:2    | Reached skill level 10 in Crossbows
 25418 | Orc:2    | Reached skill level 10 in Throwing
 25418 | Orc:2    | Reached skill level 10 in Dodging
 25418 | Orc:2    | Reached skill level 10 in Stealth
 25418 | Orc:2    | Reached skill level 10 in Unarmed Combat
 25418 | Orc:2    | Reached skill level 10 in Spellcasting
 25418 | Orc:2    | Reached skill level 10 in Evocations
 26725 | Orc:2    | Found Qyxkuzos's Jewellery Boutique.
 26725 | Orc:2    | Found Sidexepho's Jewellery Boutique.
 26726 | Orc:2    | Found Dyack's Book Shop.
 26726 | Orc:2    | Found Epnir's Distillery.
 26737 | Orc:2    | Bought a potion of mutation for 112 gold pieces
 26737 | Orc:2    | Bought a potion of heal wounds for 70 gold pieces
 26754 | Orc:2    | Bought a +4 ring of slaying for 1092 gold pieces
 26754 | Orc:2    | Bought an amulet of reflection for 420 gold pieces
 26801 | Orc:2    | Reached skill level 13 in Short Blades
 27011 | D:15     | Entered Level 15 of the Dungeon
 28187 | D:15     | Reached XP level 16. HP: 110/127 MP: 27/27
 28316 | D:15     | Found a staircase to the Depths.
 28700 | Spider:1 | Entered Level 1 of the Spider Nest
 29282 | Spider:1 | Identified a scroll of acquirement
 29283 | Spider:1 | Acquired the +3 crown of Dyrovepreva {rElec Int+2 SInv}
 29284 | Spider:1 | Found the +3 crown of Dyrovepreva {rElec Int+2 SInv}
 30391 | Spider:2 | Reached skill level 14 in Short Blades
 31032 | Spider:3 | Upgraded the game from 0.27-a0-345-g7370b58738 to
                  | 0.27-a0-379-g34d631faf5
 31646 | Spider:3 | Reached XP level 17. HP: 135/135 MP: 28/28
 32243 | Spider:4 | Entered Level 4 of the Spider Nest
 33275 | Spider:4 | Gained mutation: Your magical capacity is very low. (-20%
                  | MP) [mutagenic glow]
 33289 | Spider:4 | Gained mutation: Your spells are a little easier to cast,
                  | but a little less powerful. [mutagenic glow]
 33314 | Spider:4 | Gained mutation: You are clumsy. (Dex -2) [mutagenic glow]
 34364 | Spider:4 | Reached skill level 15 in Short Blades
 34470 | Spider:4 | Reached skill level 10 in Conjurations
 34470 | Spider:4 | Reached skill level 10 in Hexes
 34470 | Spider:4 | Reached skill level 10 in Summonings
 34470 | Spider:4 | Reached skill level 10 in Necromancy
 34470 | Spider:4 | Reached skill level 10 in Translocations
 34470 | Spider:4 | Reached skill level 10 in Transmutations
 34470 | Spider:4 | Reached skill level 10 in Fire Magic
 34470 | Spider:4 | Reached skill level 10 in Ice Magic
 34470 | Spider:4 | Reached skill level 10 in Air Magic
 34470 | Spider:4 | Reached skill level 10 in Earth Magic
 34470 | Spider:4 | Reached skill level 10 in Poison Magic
 34507 | Spider:4 | Got a gossamer rune of Zot
 34512 | Spider:4 | Learned a level 3 spell: Conjure Flame
 34656 | Swamp:1  | Entered Level 1 of the Swamp
 35674 | Swamp:1  | You fall into a shaft and drop 1 floor!
 36073 | Swamp:1  | Paralysed by a fenstrider witch for 3 turns
 36075 | Swamp:1  | HP: 4/137 [acid (7)]
 36076 | Swamp:1  | Slain by a goliath frog

Illustrated notes

Levels and vault maps discovered:
D:1:      sevenhm_arrival_forest_fort_large_2, layout_basic,
          minmay_misc_feat_encased, minmay_statues_item,
          chequers_decorated_corner
D:2:      layout_basic, chequers_ecumenical_altar_island, kennysheep_donut
D:3:      layout_basic
D:4:      layout_loops_ring, amethyst_overflow_temple_binary,
          minmay_temple_entry_overgrown, uniq_blork_the_orc, uniq_robin,
          uniq_natasha
D:5:      layout_loops_cross, nzn_hepliaklqana_mist_gate, uniq_pikel
D:6:      cheibrodos_helix_gallery, layout_basic, portal_sewer_entry_d,
          serial_park_tiny_2, kennysheep_generic_room_12, uniq_eustachio
D:7:      layout_loops_ring, kb_lookout_dungeons_type, minmay_manual_mess
D:8:      layout_loops_ring, erik_lair_island, serial_shops,
          nicolae_shop_waterfront
D:9:      layout_basic, general_overflow_altar, ebering_ghost_inner_flame,
          basic_altar, enter_bailey_4, minivault_5, minmay_holes
D:10:     layout_long_grid
D:11:     layout_roguey, special_room [special_room_orc], fountainhead,
          uniq_psyche
D:12:     minmay_roctagon, layout_small_grid, orc_0_dummy, uniq_fannar,
          uniq_urug
D:13:     layout_loops_ring, serial_co_window_serial, co_window_paths_b,
          co_window_of_opportunity_a, co_window_paths_a, co_window_paths_a,
          co_window_corner_a, co_window_corner_b, co_window_corner_cb,
          co_window_2corner, co_window_2corner, co_window_corner_b,
          co_window_of_opportunity_b, co_window_paths_d, co_window_4corner_b,
          glass_columns_a, glass_columns_a, glass_columns_a, glass_columns_b,
          glass_columns_a
D:14:     layout_loops_corners, david_vaults_2, bh_walls_and_bars,
          serial_aquarium, aquarium_bridge_square [aquarium_subvault_bridge,
          aquarium_subvault_window, aquarium_subvault_wall,
          aquarium_subvault_window], aquarium_bridge_long_joined
          [aquarium_subvault_window, aquarium_subvault_bridge,
          aquarium_subvault_window, aquarium_subvault_wall,
          aquarium_subvault_bridge, aquarium_subvault_wall], aquarium_window_2,
          aquarium_window_fake, aquarium_window_2, aquarium_view_2d,
          aquarium_balcony_5b, aquarium_pool_five, basic_altar
D:15:     gammafunk_enter_depths_forms, layout_gridville,
          minmay_misc_feat_nine_boxes, grunt_ministairs_13
Temple:   nicolae_temple_no_exploring_needed
Lair:1:   layout_small_grid, infiniplex_staircase_pool_2
Lair:2:   layout_chaotic_city, gauntlet_entry_generic, grunt_megastairs_1
Lair:3:   layout_cave_pods, swamp_mist, ebering_ghost_inner_flame,
          lemuel_fruit_tree, uniq_prince_ribbit2
Lair:4:   layout_gridlike, dummy_spider_entry
Lair:5:   layout_regular_city, serial_bayou_lake_a
Lair:6:   due_jungle_book, layout_cellular_growth,
          nicolae_slime_entry_slimehenge
Swamp:1:  layout_basic_swamp, hangedman_swamp_pad, swamp_pool1,
          nicolae_swamp_dragon_and_kin
Swamp:2:  nzn_winding_woodlands_medium [nzn_winding_woodlands_5x5_checkerboard,
          nzn_winding_woodlands_5x15_eye, nzn_winding_woodlands_5x5_perimeter,
          nzn_winding_woodlands_5x5_closed_star,
          nzn_winding_woodlands_center_pierced_h,
          nzn_winding_woodlands_5x5_three, nzn_winding_woodlands_5x5_open_star,
          nzn_winding_woodlands_5x15_parted, nzn_winding_woodlands_5x5_cross],
          layout_basic_swamp, evilmike_swamp_ruin_rubble_2,
          infiniplex_staircase_pool
Swamp:3:  layout_basic_swamp, gammafunk_ghost_abyssal_escape,
          evilmike_swamp_ruin_house_2
Spider:1: layout_spider_delve, drop_trap, spiders_nest_hornet_nest
Spider:2: layout_spider_delve, drop_trap
Spider:3: layout_spider_delve
Spider:4: spider_rune_water
Orc:1:    layout_caves, basic_altar, uniq_nergalle
Orc:2:    st_orc_pillars, layout_diamond_mine, special_room

Skill      XL: |  1  2  3  4  5  6  7  8  9 10 11 12 13 14 15 16 17 |
---------------+----------------------------------------------------+-----
Invocations    | 1 2 3 4 5 6 7 8 9 10 11 12 | 12.7
Short Blades   | 1 2 3 4 6 8 9 11 12 13 14 15 | 15.2
Long Blades    | 1 2 3 4 5 6 7 8 9 10 11 | 11.8
Maces & Flails | 1 2 3 4 5 6 7 8 9 10 11 | 11.8
Polearms       | 1 2 3 4 5 6 7 8 9 10 11 | 11.8
Staves         | 1 2 3 4 5 6 7 8 9 10 11 | 11.8
Slings         | 1 2 3 4 5 6 7 8 9 10 11 | 11.8
Bows           | 1 2 3 4 5 6 7 8 9 10 11 | 11.8
Crossbows      | 1 2 3 4 5 6 7 8 9 10 11 | 11.8
Throwing       | 1 2 3 4 5 6 7 8 9 10 11 | 11.8
Dodging        | 1 2 3 4 5 6 7 8 9 10 11 | 11.8
Stealth        | 1 2 3 4 5 6 7 8 9 10 11 | 11.8
Unarmed Combat | 1 2 3 4 5 6 7 8 9 10 11 | 11.8
Spellcasting   | 1 2 3 4 5 6 7 8 9 10 11 | 11.8
Evocations     | 1 2 3 4 5 6 7 8 9 10 11 | 11.8
Conjurations   | 1 2 3 4 5 6 7 8 9 10 | 10.1
Hexes          | 1 2 3 4 5 6 7 8 9 10 | 10.1
Summonings     | 1 2 3 4 5 6 7 8 9 10 | 10.1
Necromancy     | 1 2 3 4 5 6 7 8 9 10 | 10.1
Translocations | 1 2 3 4 5 6 7 8 9 10 | 10.1
Transmutations | 1 2 3 4 5 6 7 8 9 10 | 10.1
Fire Magic     | 1 2 3 4 5 6 7 8 9 10 | 10.1
Ice Magic      | 1 2 3 4 5 6 7 8 9 10 | 10.1
Air Magic      | 1 2 3 4 5 6 7 8 9 10 | 10.1
Earth Magic    | 1 2 3 4 5 6 7 8 9 10 | 10.1
Poison Magic   | 1 2 3 4 5 6 7 8 9 10 | 10.1
Axes           | 5 6 7 8 9 10 11 12 | 12.5
Fighting       | 7 8 9 10 11 12 13 | 13.2
Armour         | 7 8 9 10 11 12 13 | 13.2
Shields        | 7 8 9 10 11 12 13 | 13.2

Action                   |  1- 3 |  4- 6 |  7- 9 | 10-12 | 13-15 | 16-18 || total
-------------------------+-------+-------+-------+-------+-------+-------++-------
Melee: War axe           |   117 |    78 |       |   631 |  1022 |   862 ||  2710
       Bite              |    11 |    13 |    36 |   141 |   305 |   232 ||   738
       Scimitar          |       |    41 |   348 |   177 |    12 |       ||   578
       Morningstar       |       |       |       |     1 |    53 |    95 ||   149
       Long sword        |       |       |       |       |    15 |       ||    15
Throw: Dart              |       |     1 |     1 |       |       |       ||     2
       Throwing net      |       |       |       |     1 |     1 |       ||     2
 Cast: Apportation       |       |       |       |       |     3 |     1 ||     4
       Passwall          |       |       |       |       |     1 |     1 ||     2
       Lesser Beckoning  |       |       |       |       |     1 |    12 ||    13
Invok: Slouch            |       |       |       |     1 |     2 |     1 ||     4
 Abil: Evoke Blink       |       |       |       |     1 |     1 |     4 ||     6
Evoke: Wand              |       |       |     7 |    30 |    16 |    27 ||    80
  Use: Scroll            |     3 |     5 |     9 |     9 |     8 |    10 ||    44
       Potion            |       |     2 |     6 |     6 |     1 |       ||    15
 Stab: Paralysed         |       |       |    10 |     5 |       |       ||    15
       Sleeping          |       |       |       |    13 |    12 |    15 ||    40
       Held in net/web   |       |       |       |     1 |     1 |       ||     2
       Invisible         |       |       |       |       |     4 |       ||     4
       Distracted        |       |       |       |       |     2 |     3 ||     5
Armor: Scale mail        |    61 |    20 |       |       |       |       ||    81
       Chain mail        |       |    31 |   141 |       |   243 |   115 ||   530
       Troll leather arm |       |       |    15 |   329 |       |       ||   344
       Acid dragon scale |       |       |       |    13 |    84 |   238 ||   335
Dodge: Dodged            |    34 |    31 |    80 |   535 |   673 |   873 ||  2226
Block: Kite shield       |    58 |    65 |   217 |   619 |  1095 |  1507 ||  3561
       Reflection        |       |       |       |       |    14 |     3 ||    17
       Rpst.: Scimitar   |       |     4 |    29 |    39 |     2 |       ||    74
       War axe           |       |       |       |       |   116 |       ||   116
       Morningstar       |       |       |       |       |     9 |       ||     9
       Long sword        |       |       |       |       |     6 |       ||     6

Table legend: (Time is in decaauts)
 A = Elapsed time spent in this place.
 B = Non-inter-level travel time spent in this place.
 C = Inter-level travel time spent in this place.
 D = Time resting spent in this place.
 E = Time spent auto-exploring this place.
 F = Levels seen in this place.
 G = Mean time per level.
                   A        B        C        D        E       F      G
               +--------+--------+--------+--------+--------+-----+--------+
         Total |  49245 |  46488 |   2757 |   6676 |  29950 |  33 | 1492.3 |
       Dungeon |  22530 |  21027 |   1503 |   2857 |  13932 |  15 | 1502.0 |
        Temple |      1 |      1 |      0 |      0 |      0 |   1 |    1.0 |
          Lair |  11804 |  11047 |    757 |   1001 |   8310 |   6 | 1967.3 |
         Swamp |   1905 |   1905 |      0 |    663 |    968 |   3 |  635.0 |
   Spider Nest |   8289 |   7973 |    316 |   1624 |   4433 |   4 | 2072.2 |
  Orcish Mines |   3309 |   3130 |    179 |    489 |   1625 |   2 | 1654.5 |
         Sewer |    944 |    944 |      0 |      0 |    681 |   1 |  944.0 |
      Gauntlet |    459 |    459 |      0 |     42 |      0 |   1 |  459.0 |
               +--------+--------+--------+--------+--------+-----+--------+

Top non-repeatable levels by time:
Spider:4: 3119 daAuts
  Lair:6: 2907 daAuts
    D:14: 2787 daAuts
   Orc:2: 2453 daAuts
    D:13: 2324 daAuts
Spider:3: 2276 daAuts
  Lair:3: 2263 daAuts
Spider:1: 2135 daAuts
     D:8: 1912 daAuts
    D:15: 1898 daAuts
  Lair:5: 1880 daAuts
 Swamp:1: 1844 daAuts
  Lair:4: 1707 daAuts
     D:9: 1692 daAuts
    D:12: 1653 daAuts
